 Dungeon Crawl Stone Soup version 0.16-a0-3330-g2931290 (webtiles) character file.

41 Kemay the Insei (level 3, -4/23 HPs)
             Began as an Octopode Transmuter on Dec 28, 2014.
             Slain by a worm (11 damage)
             ... on level 2 of the Dungeon.
             The game lasted 00:03:19 (1030 turns).

Kemay the Insei (Octopode Transmuter)               Turns: 1030, Time: 00:03:20

Health: -4/23      AC:  1    Str:  9    XL:     3   Next: 52%
Magic:  6/6        EV: 12    Int: 16    God:
Gold:   94         SH:  3    Dex: 12    Spells: 1 memorised, 5 levels left

rFire  . . .     SeeInvis .       - Unarmed
rCold  . . .     Clarity  .     g - +0 buckler
rNeg   . . .     SustAb   .     (helmet restricted)
rPois  .         Gourm    .     (no amulet)
rElec  .         Spirit   .     (no ring)
rCorr  .         Warding  .     (no ring)
rMut   .         Stasis   .     (no ring)
MR     .....                    (no ring)
Stlth  ++........               (no ring)
                                (no ring)
                                (no ring)
                                (no ring)

@: appendage, not resistant to hostile enchantments, unstealthy
A: almost no armour, amphibious, 8 rings, constrict 8, tentacle spike 3,
camouflage 1, gelatinous body 1
a: End Transformation


You were on level 2 of the Dungeon.
You were hungry.
One of your tentacles had a temporary spike.
You visited 1 branch of the dungeon, and saw 2 of its levels.

You collected 94 gold pieces.

Inventory:

Missiles
 c - 17 poisoned needles
Armour
 g - a +0 buckler (worn)
Potions
 h - a potion of curing
Books
 d - a book of Changes

   Spells                             Type                      Level
   a - Beastly Appendage              Transmutation                1
   b - Sticks to Snakes               Transmutation                2
   c - Spider Form                    Transmutation/Poison         3
   d - Ice Form                       Ice/Transmutation            4
   e - Blade Hands                    Transmutation                5
Comestibles
 a - a bread ration


   Skills:
 - Level 1.0 Fighting
 + Level 2.9 Dodging
 + Level 0.8 Shields
 * Level 3.6 Unarmed Combat
 - Level 2.0 Spellcasting
 - Level 2.0 Transmutations


You had 5 spell levels left.
You knew the following spells:

 Your Spells              Type           Power        Failure   Level  Hunger
a - Beastly Appendage     Trmt           #.....       12%         1    #......


Dungeon Overview and Level Annotations

Branches:
Dungeon (2/15)

Altars:


Innate Abilities, Weirdness & Mutations

You cannot wear most types of armour.
You are amphibious.
You can wear up to eight rings at the same time.
You can use your tentacles to constrict many enemies at once.
Your skin changes colour to match your surroundings (Stealth).
Your rubbery body absorbs attacks (AC +1).
One of your tentacles bears a large vicious spike.


Message History

You tentacle-slap the worm.
You pierce the worm, but do no damage.
The worm is heavily wounded.
You constrict the worm. You tentacle-slap the worm.
The worm is severely wounded.
You constrict the worm. The worm barely misses you.
You tentacle-slap the worm.
You pierce the worm.
The worm is severely wounded.
You constrict the worm. The worm bites you.
* * * LOW HITPOINT WARNING * * *
You are too injured to fight recklessly!
You completely miss the worm.
The worm is almost dead.
You constrict the worm.
You kill the worm!
You tentacle-slap the worm. You grab the worm.
You pierce the worm, but do no damage.
The worm is lightly wounded.
You constrict the worm. The worm bites you!
You die...

#.........##.<....#
#.........###.....# .
#.........# #.......
...######.####
#....... ....######.#
.....#..
.........##.# ###.##
. ..........#..## ..
..........$....# ###
#.......?..@.##.....#
#........†w## .##..#
#.........##..# ##
####..............
........<...#. .#
.##..............
#....[.....#.##
.....#$#...#.#
....... ...#.


You could see a worm.

Vanquished Creatures
  2 worms (D:2)
  2 giant geckos (D:1)
  An ooze (D:1)
  4 ball pythons
  2 giant cockroaches (D:1)
  A hobgoblin (D:1)
  6 kobolds (D:1)
  A bat (D:1)
  A giant newt (D:1)
  6 goblins
  A quokka (D:1)
  2 rats
29 creatures vanquished.

Notes
Turn   | Place    | Note
--------------------------------------------------------------
     0 | D:1      | Kemay, the Octopode Transmuter, began the quest for the Orb.
     0 | D:1      | Reached XP level 1. HP: 13/13 MP: 3/3
   115 | D:1      | Reached XP level 2. HP: 9/18 MP: 4/4
   808 | D:1      | Reached XP level 3. HP: 19/23 MP: 4/6
  1030 | D:2      | Slain by a worm

Action                   || total
-------------------------++-------
Melee: Unarmed           ||    71
 Cast: Beastly Appendage ||    14
 Abil: End Transformatio ||     3
  Use: Scroll            ||     6
 Stab: Sleeping          ||     3
